 Dungeon Crawl Stone Soup version 0.28.0-1-gb440e238dd (webtiles) character file.

Game seed: 8369868493264418823

249 Ablot the Grasshopper (level 6, -5/50 HPs)
             Began as a Gnoll Warper on Feb 24, 2022.
             Slain by a gnoll (7 damage)
             ... on level 3 of the Dungeon.
             The game lasted 00:05:08 (4357 turns).

Ablot the Grasshopper (Gnoll Warper)                Turns: 4357, Time: 00:05:08

Health: -5/50      AC:  5    Str: 13    XL:     6   Next: 12%
Magic:  0/13       EV: 13    Int: 12    God:
Gold:   114        SH:  0    Dex: 11    Spells: 13/15 levels left

rFire   . . .      SeeInvis .   a - +0 trident
rCold   . . .      Faith    .   (no shield)
rNeg    . . .      Spirit   +   b - +0 leather armour
rPois   .          Reflect  .   r - +2 hat of the Bear Spirit {Spirit, *Rage Will++}
rElec   .          Harm     .   (no cloak)
rCorr   .          Rampage  .   (no gloves)
Will    +++..      Rage     20% (no boots)
Stlth   +.........              (no amulet)
HPRegen 0.16/turn               l - ring of willpower
MPRegen 0.13/turn               (no ring)

@: on berserk cooldown, hasted and slowed
A: fangs 1, strong nose, distributed training
a: no special abilities


You were on level 3 of the Dungeon.
You visited 1 branch of the dungeon, and saw 3 of its levels.

You collected 114 gold pieces.

Inventory:

Hand Weapons
 a - a +0 trident (weapon)
 q - a +4 flail of holy wrath
Missiles
 d - 5 boomerangs of dispersal (quivered)
 g - 51 stones
 k - 13 arrows
 p - 19 sling bullets
 s - 2 poisoned darts
 u - 13 bolts
Armour
 b - a +0 leather armour (worn)
 o - a +0 helmet
 r - the +2 hat of the Bear Spirit (worn) {Spirit, *Rage Will++}
   (You found it on level 3 of the Dungeon)

   Going berserk makes the wearer tougher, and they're slowed less afterward.
   *Rage:     It berserks you when you make melee attacks (+20% chance).
   Will:      It greatly increases your willpower.
Jewellery
 l - a ring of willpower (left hand)
Scrolls
 c - 2 scrolls of blinking
 e - a scroll of teleportation {unknown}
 h - a scroll of vulnerability {unknown}
 j - a scroll of amnesia {unknown}
 m - a scroll of fear {unknown}
 n - a scroll of silence {unknown}
 t - a scroll of enchant armour {unknown}
Potions
 i - a potion of resistance {unknown}


   Skills:
 + Level 4.9 Fighting
 + Level 1.8 Short Blades
 + Level 1.8 Long Blades
 + Level 1.8 Axes
 + Level 1.8 Maces & Flails
 + Level 4.9 Polearms
 + Level 1.8 Staves
 + Level 1.8 Slings
 + Level 1.8 Bows
 + Level 1.8 Crossbows
 + Level 3.1 Throwing
 + Level 3.1 Armour
 + Level 4.9 Dodging
 + Level 1.8 Stealth
 + Level 1.8 Shields
 + Level 1.8 Unarmed Combat
 + Level 5.3 Spellcasting
 + Level 1.4 Conjurations
 + Level 1.4 Hexes
 + Level 1.4 Summonings
 + Level 1.4 Necromancy
 + Level 5.6 Translocations
 + Level 1.4 Transmutations
 + Level 1.4 Fire Magic
 + Level 1.4 Ice Magic
 + Level 1.4 Air Magic
 + Level 1.4 Earth Magic
 + Level 1.4 Poison Magic
 + Level 2.0 Invocations
 + Level 1.8 Evocations


You had 13 spell levels left.
You knew the following spells:

 Your Spells              Type           Power      Damage    Failure   Level
a - Blink                 Tloc           32%        N/A       3%          2

Your spell library contained the following spells:

 Spells                   Type           Power      Damage    Failure   Level
 Gell's Gravitas          Tloc           16%        N/A       8%          3
 Lesser Beckoning         Tloc           16%        N/A       8%          3
 Teleport Other           Tloc           16%        N/A       8%          3
 Magic Dart               Conj           24%        1d4       14%         1
 Searing Ray              Conj           12%        2d4       21%         2
 Manifold Assault         Tloc           16%        N/A       56%         5
 Fulminant Prism          Conj/Hex       3%         3d6       80%         4


Dungeon Overview and Level Annotations

Branches:
Dungeon (3/15)

Altars:
The Shining One

Shops:
D:2 [


Innate Abilities, Weirdness & Mutations

You have very sharp teeth.
Your uncanny sense of smell can sniff out nearby items.
Your experience applies equally to all skills.


Message History

An orc comes into view. It is wielding a +0 flail.
You feel a strong urge to attack something.
You closely miss the gnoll.
You are no longer berserk.
You are exhausted.
You feel yourself slow down.
You puncture the gnoll!
The gnoll is severely wounded.
The gnoll barely misses you. The gnoll hits you with a +0 flail!
You are too injured to fight recklessly!
You hit the gnoll but do no damage.
The gnoll is severely wounded.
The gnoll barely misses you.
You hit the gnoll but do no damage.
The gnoll is severely wounded.
The gnoll closely misses you.
The orc priest mumbles some strange prayers to Beogh against you.
Beogh smites you!
* * * LOW HITPOINT WARNING * * *
The gnoll misses you.
You barely miss the gnoll.
The gnoll is severely wounded.
The orc priest mumbles some strange prayers to Beogh against you.
Beogh smites you!
* * * LOW HITPOINT WARNING * * *
The gnoll hits you with a +0 flail.
* * * LOW HITPOINT WARNING * * *
The gnoll misses you.
You closely miss the gnoll.
The gnoll is severely wounded.
The orc wizard mumbles some strange words.
The orc wizard flickers and vanishes!
Deactivating autopickup; reactivate with Ctrl-A.
The orc priest looks encouraged for a moment.
The gnoll barely misses you.
It was a potion of haste.
You feel yourself speed up. The gnoll hits you with a +0 flail.
A gnoll comes into view. It is wielding a +0 spear.
The gnoll hits you with a +0 flail!
You die...

+..+ ∆ #####''###### ∆
............ ........... ..oo....
..... ≈≈≈.# ##'g## ≈≈≈.
#######oo..# ≈≈≈∆ o# +...@g{ooo.+
≈≈# #'# #######og..# ≈≈#
..#############''''########## ≈≈#
g.#..[.......................
≈≈#####≈≈≈≈≈≈≈≈≈≈≈≈....≈≈≈≈≈≈≈≈≈≈
≈≈≈≈≈≈≈≈≈≈≈≈≈≈≈≈≈≈≈....≈≈≈≈≈≈≈≈≈≈
≈≈≈≈≈≈≈≈≈≈≈≈≈≈≈≈≈≈≈....≈≈≈≈≈≈≈≈≈≈
.................................
##..............#####...#######.#


You could see an orc priest, 3 gnolls and 5 orcs.

Vanquished Creatures
  A gnoll sergeant (D:3)
  An orc priest (D:3)
  Robin (D:2)
  4 adders
  3 gnolls
  8 orcs (D:3)
  2 endoplasms (D:1)
  4 giant cockroaches
  16 goblins
  2 hobgoblins
  7 jackals
  7 kobolds
  A quokka (D:2)
  5 ball pythons
  2 bats (D:3)
  6 frilled lizards (D:1)
  6 rats
76 creatures vanquished.

Vanquished Creatures (others)
  2 plants (D:3)
2 creatures vanquished.

Grand Total: 78 creatures vanquished

Notes
Turn   | Place    | Note
-------+----------+-------------------------------------------
     0 | D:1      | Ablot the Gnoll Warper began the quest for the Orb.
     0 | D:1      | Reached XP level 1. HP: 20/20 MP: 6/6
   167 | D:1      | Reached XP level 2. HP: 23/26 MP: 7/7
   170 | D:1      | Learned a level 2 spell: Blink
   762 | D:1      | Reached XP level 3. HP: 23/31 MP: 9/9
   841 | D:1      | Reached skill level 5 in Spellcasting
   889 | D:1      | Found a faded altar of an unknown god.
  1229 | D:1      | Reached skill level 1 in Invocations
  1611 | D:2      | Found Toejuth's Armour Emporium.
  1792 | D:2      | Reached skill level 1 in Short Blades
  1792 | D:2      | Reached skill level 1 in Long Blades
  1792 | D:2      | Reached skill level 1 in Axes
  1792 | D:2      | Reached skill level 1 in Maces & Flails
  1792 | D:2      | Reached skill level 1 in Staves
  1792 | D:2      | Reached skill level 1 in Slings
  1792 | D:2      | Reached skill level 1 in Bows
  1792 | D:2      | Reached skill level 1 in Crossbows
  1792 | D:2      | Reached skill level 1 in Stealth
  1792 | D:2      | Reached skill level 1 in Shields
  1792 | D:2      | Reached skill level 1 in Unarmed Combat
  1792 | D:2      | Reached skill level 1 in Evocations
  1792 | D:2      | Reached XP level 4. HP: 21/38 MP: 11/11
  2232 | D:2      | Found a glowing golden altar of the Shining One.
  2462 | D:2      | Noticed Robin
  2959 | D:2      | Killed Robin
  2960 | D:2      | Reached skill level 1 in Conjurations
  2960 | D:2      | Reached skill level 1 in Hexes
  2960 | D:2      | Reached skill level 1 in Summonings
  2960 | D:2      | Reached skill level 1 in Necromancy
  2960 | D:2      | Reached skill level 1 in Transmutations
  2960 | D:2      | Reached skill level 1 in Fire Magic
  2960 | D:2      | Reached skill level 1 in Ice Magic
  2960 | D:2      | Reached skill level 1 in Air Magic
  2960 | D:2      | Reached skill level 1 in Earth Magic
  2960 | D:2      | Reached skill level 1 in Poison Magic
  3597 | D:3      | Reached XP level 5. HP: 39/43 MP: 12/12
  3747 | D:3      | Found the +2 hat of the Bear Spirit {Spirit, *Rage Will++}
  4345 | D:3      | Reached XP level 6. HP: 50/50 MP: 8/13
  4355 | D:3      | HP: 2/50 [gnoll (5)]
  4357 | D:3      | Slain by a gnoll

Illustrated notes

Levels and vault maps discovered:
D:1:      dpeg_arrival_radiant, layout_loops_ring,
          shapermc_ecumenical_altar_flowoftime
D:2:      layout_basic, serial_shops, shop, basic_altar, uniq_robin
D:3:      lemuel_castle_with_subvaults [lemuel_castle_interior_original],
          layout_loops_ring

Skill      XL: |  1  2  3  4  5 |
---------------+----------------+-----
Spellcasting   | 5 |  5.3
Invocations    | 1 2 |  2.0
Short Blades   | 1 |  1.8
Long Blades    | 1 |  1.8
Axes           | 1 |  1.8
Maces & Flails | 1 |  1.8
Staves         | 1 |  1.8
Slings         | 1 |  1.8
Bows           | 1 |  1.8
Crossbows      | 1 |  1.8
Stealth        | 1 |  1.8
Shields        | 1 |  1.8
Unarmed Combat | 1 |  1.8
Evocations     | 1 |  1.8
Conjurations   | 1 |  1.4
Hexes          | 1 |  1.4
Summonings     | 1 |  1.4
Necromancy     | 1 |  1.4
Transmutations | 1 |  1.4
Fire Magic     | 1 |  1.4
Ice Magic      | 1 |  1.4
Air Magic      | 1 |  1.4
Earth Magic    | 1 |  1.4
Poison Magic   | 1 |  1.4
Throwing       | 3 |  3.1
Armour         | 3 |  3.1
Fighting       | |  4.9
Polearms       | |  4.9
Dodging        | |  4.9
Translocations | |  5.6

Action                   |  1- 3 |  4- 6 || total
-------------------------+-------+-------++-------
Melee: Spear             |   152 |   170 ||   322
       Punch             |     3 |     2 ||     5
       Bite              |    11 |    18 ||    29
       Trident           |       |    38 ||    38
  Use: Potion            |       |     1 ||     1
 Stab: Sleeping          |     1 |       ||     1
Armor: Leather armour    |    18 |    46 ||    64
Dodge: Dodged            |    60 |   134 ||   194
